AoeStats
← Golquiper

Arabia

509919970Analyzed
1v1 RM · 3d ago on Sep 28, 2026· 54m 16s· 2 players
Game mode
Random Map
Map size
Tiny (2 player)
Population
200
Speed
Normal
Resources
Standard
Victory
Conquest
Starting age
Dark Age
Ending age
Imperial Age
RankedLock teamsTeams togetherTeam positionsShared explorationLock speedFull tech treeHidden civsTurbo modeCheats
Victory
Defeat
🇯🇵 Persians · Japan
930
+16
🇪🇸 Franks · Spain
929
-16
Golquiper
11:21 Feudal Age
12:30 Double-Bit Axe
15:24 Scale Barding Armor
15:30 Forging
16:01 Loom
21:08 Castle Age
22:20 Chain Barding Armor
24:33 Iron Casting
29:40 Fletching
29:51 Padded Archer Armor
31:02 Wheelbarrow
31:47 Husbandry
31:50 Elite Skirmisher
34:19 Gold Mining
34:22 Stone Mining
35:41 Bodkin Arrow
36:01 Leather Archer Armor
35:41 Light Cavalry
37:31 Bow Saw
38:53 Gold Shaft Mining
42:46 Imperial Age
44:25 Plate Barding Armor
44:51 Blast Furnace
43:15 Cavalier
48:05 Pikeman
49:27 Squires
49:13 Arson
49:32 Halberdier
50:14 Town Watch
51:14 Conscription
51:53 Scale Mail Armor
52:57 Chivalry
爱犹sama
9:09 Feudal Age
9:06 Loom
9:45 Double-Bit Axe
10:01 Horse Collar
16:15 Fletching
20:15 Castle Age
20:29 Wheelbarrow
20:37 Bodkin Arrow
20:54 Bow Saw
24:32 Forging
24:22 Scale Mail Armor
25:45 Squires
25:13 Pikeman
27:16 Hand Cart
26:46 Town Watch
28:24 Heavy Plow
28:19 Gold Mining
29:50 Iron Casting
33:15 Imperial Age
31:09 Devotion
31:03 Stone Mining
31:55 Gold Shaft Mining
31:42 Town Patrol
33:23 Stone Shaft Mining
32:48 Arson
32:56 Halberdier
34:39 Blast Furnace
34:14 Conscription
34:56 Two-Man Saw
34:27 Crop Rotation
34:37 Chain Mail Armor
34:29 Scale Barding Armor
35:27 Chemistry
34:48 Ballistics
35:33 Bloodlines
35:24 Husbandry
36:44 Chain Barding Armor
37:19 Chain Mail Armor
38:03 Citadels
37:57 Kamandaran
37:58 Murder Holes
38:13 Masonry
38:56 Plate Mail Armor
38:47 Chain Barding Armor
39:11 Hoardings
38:19 Elite War Elephant
39:21 Faith
39:26 Crossbowman
40:11 Thumb Ring
40:09 Padded Archer Armor
41:33 Plate Barding Armor
43:49 Leather Archer Armor
43:46 Light Cavalry
45:44 Architecture
45:47 Ring Archer Armor
46:52 Guilds
47:37 Guard Tower
Connection lost

Rejoining the realm…

Still unreachable

The connection could not be restored.

Session expired

The server has moved on; the page needs a fresh start.